 Dungeon Crawl Stone Soup version 0.25-a0-156-g0c4bda3fdf (webtiles) character file.

Game seed: 15269220354334248562, levelgen mode: deterministic

143 Leeroy the Skirmisher (level 5, -6/48 HPs)
             Began as a Draconian Skald on Nov 20, 2019.
             Mangled by an ogre
             ... wielding a +0 giant spiked club
              (26 damage)
             ... on level 2 of the Dungeon.
             The game lasted 00:06:42 (3797 turns).

Leeroy the Skirmisher (Draconian Skald)             Turns: 3797, Time: 00:06:43

Health: -6/48      AC:  5    Str: 13    XL:     5   Next: 4%
Magic:  2/8        EV: 12    Int: 14    God:
Gold:   248        SH:  0    Dex: 11    Spells: 1/8 levels left

rFire    . . .     SeeInvis .   a - +0 falchion
rCold    . . .     Gourm    .   (no shield)
rNeg     . . .     Faith    .   (armour unavailable)
rPois    .         Spirit   .   (helmet restricted)
rElec    .         Reflect  .   (no cloak)
rCorr    .         Harm     .   (no gloves)
MR       .....                  (no boots)
Stlth    +.........             (no amulet)
HPRegen  0.16/turn              (no ring)
MPRegen  0.11/turn              (no ring)

@: very slightly contaminated
A: unfitting armour, cold-blooded, AC +5
a: no special abilities


You were on level 2 of the Dungeon.
You were not hungry.

You visited 1 branch of the dungeon, and saw 5 of its levels.

You collected 248 gold pieces.

Inventory:

Hand Weapons
 a - a +0 falchion (weapon)
 f - a +0 dagger
Missiles
 h - 15 poisoned darts (quivered)
 i - 168 stones
 r - 61 sling bullets
 y - 4 boomerangs
Jewellery
 d - an uncursed ring of fire {unknown}
 n - an uncursed amulet of harm {unknown}
Scrolls
 e - a scroll of random uselessness {unknown}
 j - 2 scrolls of noise {unknown}
 m - a scroll of teleportation {unknown}
 p - a scroll of magic mapping {unknown}
 q - 3 scrolls of amnesia {unknown}
 s - 2 scrolls of enchant armour {unknown}
 u - 2 scrolls of identify {unknown}
 v - a scroll of immolation {unknown}
 w - a scroll of fear {unknown}
 A - a scroll of fog {unknown}
Potions
 b - 2 potions of flight {unknown}
 g - a potion of agility {unknown}
 k - a potion of curing {unknown}
 l - a potion of lignification
 o - a potion of magic {unknown}
 t - 2 potions of heal wounds {unknown}
 x - a potion of brilliance {unknown}
 z - a potion of cancellation {unknown}
Comestibles
 c - 7 rations


   Skills:
 - Level 5.0 Fighting
 - Level 3.0 Long Blades
 - Level 2.1 Dodging
 - Level 2.0 Spellcasting
 + Level 1.0 Hexes
 - Level 2.6 Charms


You had one spell level left.
You knew the following spells:

 Your Spells              Type           Power        Failure   Level  Hunger
a - Infusion              Chrm           #...         8%          1    ##.....
b - Spectral Weapon       Hex/Chrm       #.......     32%         3    ####...
c - Regeneration          Chrm/Necr      #.........   38%         3    ####...

Your spell library contained the following spells:

 Spells                   Type           Power        Failure   Level  Hunger
 Song of Slaying          Chrm           #.......     12%         2    ###....
 Shroud of Golubria       Chrm/Tloc      #.....       21%         2    ###....


Dungeon Overview and Level Annotations

Branches:
Dungeon (5/15)
 Temple: D:4-7

Altars:
Elyvilon
Fedhas
Gozag
Hepliaklqana
Kikubaaqudgha
Makhleb
Ru
Sif Muna
Uskayaw
Xom
Yredelemnul

Annotations:
D:4 Edmund


Innate Abilities, Weirdness & Mutations

Your plain brown scales are hard. (AC +5)
You cannot fit into any form of body armour.
You are cold-blooded and may be slowed by cold attacks.


Message History

You hear an indistinct dissonance whispering inside your mind.
All of the chunks of flesh in your inventory have rotted away.
Casting: Spectral Weapon (safe; 32% risk of failure)
Confirm with . or Enter, or press ? or * to list all spells.
You don't know that spell.
Casting: Spectral Weapon (safe; 32% risk of failure)
Confirm with . or Enter, or press ? or * to list all spells.
You draw out your weapon's spirit!
You slash the ogre!
You tail-slap the ogre, but do no damage.
The ogre is moderately wounded.
Your spectral weapon hits the ogre!
The ogre hits you with a +0 giant spiked club!!
Ouch! That really hurt!
You hit the ogre.
The ogre is heavily wounded.
Your spectral weapon hits the ogre!
The ogre hits you with a +0 giant spiked club!!
Ouch! That really hurt!
You die...

..# #.....#####.........<......#
..####.....#####.######..##......
...........#..........#..#.#....#
##.#.......#..........#....#....#
#.........#..........##...#....#
##.#..#...##..........##...#.#.##
..........##..........##.........
.###..#...##..........#......#.##
..........##....@(.........K.....
#.##..##.###....O..........#.....
.......#.# #...............#.....
##.#...#.# #..........#....#.....
.....O...###..........#....#.....
#..#.###'##...........#..........
<....##...##..............#.##.##
#..###.....##........##...#......
#O###.#...#.##.......####.#......


You could see an ogre and a friendly spectral +0 falchion.

Vanquished Creatures
  A worker ant (D:4)
  5 adders
  An ooze (D:3)
  2 worms
  2 dart slugs
  An orc (D:4)
  A ball python (D:3)
  6 giant cockroaches
  2 goblins
  4 hobgoblins
  8 jackals
  6 kobolds
  6 quokkas
  2 bats (D:3)
  4 frilled lizards
  8 rats
59 creatures vanquished.

Notes
Turn   | Place    | Note
-------+----------+-------------------------------------------
     0 | D:1      | Leeroy the Draconian Skald began the quest for the Orb.
     0 | D:1      | Reached XP level 1. HP: 17/17 MP: 3/3
   393 | D:1      | Reached XP level 2. HP: 23/24 MP: 5/5
  1279 | D:2      | Reached skill level 3 in Fighting
  1279 | D:2      | Reached XP level 3. HP: 21/31 MP: 0/6
  1337 | D:2      | Noticed an ogre
  1380 | D:3      | Found a burning altar of Makhleb.
  1524 | D:3      | Found a white marble altar of Elyvilon.
  1524 | D:3      | Found a sacrificial altar of Ru.
  1527 | D:3      | Found a blossoming altar of Fedhas.
  1658 | D:3      | Found an ancient bone altar of Kikubaaqudgha.
  1839 | D:3      | Found an ornate altar of the Wu Jian Council.
  1841 | D:3      | Found a hide-covered altar of Uskayaw.
  1841 | D:3      | Found a hazy altar of Hepliaklqana.
  1843 | D:3      | Found a blossoming altar of Fedhas.
  1843 | D:3      | Found a basalt altar of Yredelemnul.
  1843 | D:3      | Found a shimmering altar of Xom.
  1968 | D:3      | Found a basalt altar of Yredelemnul.
  1970 | D:3      | Found an opulent altar of Gozag.
  2002 | D:3      | Reached skill level 4 in Fighting
  2002 | D:3      | Reached XP level 4. HP: 6/40 MP: 7/7
  2436 | D:3      | Found a shimmering blue altar of Sif Muna.
  2860 | D:4      | Learned a level 3 spell: Spectral Weapon
  2864 | D:4      | Learned a level 3 spell: Regeneration
  2927 | D:4      | Noticed Edmund
  2945 | D:5      | Entered Level 5 of the Dungeon
  2945 | D:5      | Noticed an ice beast
  3117 | D:2      | Reached skill level 5 in Fighting
  3454 | D:2      | Reached XP level 5. HP: 35/48 MP: 8/8
  3601 | D:2      | Reached skill level 1 in Hexes
  3797 | D:2      | Mangled by an ogre

Levels and vault maps discovered:
D:1:      minmay_arrival_four_circles, layout_basic
D:2:      layout_basic, minivault_24, moated_statue, dk_noncrumbling_3
D:3:      layout_loops_ring, lightli_temple_of_fire,
          gammafunk_temple_overflow_forgotten, grunt_temple_overflow_open,
          kiku_gazebo_pond_becter, first_ration, doesnt_xom_only_xom
D:4:      layout_basic, feat_on_display, uniq_edmund
D:5:      layout_loops_corners

Skill      XL: |  1  2  3  4  5 |
---------------+----------------+-----
Long Blades    | 3 |  3.0
Fighting       | 3 4 5 |  5.0
Hexes          | 1 |  1.0
Dodging        | |  2.1
Spellcasting   | |  2.0
Charms         | |  2.6

Action                   |  1- 3 |  4- 6 || total
-------------------------+-------+-------++-------
Melee: Falchion          |   120 |    92 ||   212
       Tailslap          |    13 |     6 ||    19
 Cast: Infusion          |     3 |     3 ||     6
       Spectral Weapon   |       |     1 ||     1
  Use: Potion            |     1 |       ||     1
 Stab: Sleeping          |       |     1 ||     1
  Eat: Chunk             |     3 |     3 ||     6
       Ration            |       |     1 ||     1
Armor: Skin              |    39 |    14 ||    53
Dodge: Dodged            |    93 |    63 ||   156
       Rpst.: Falchion   |    26 |    22 ||    48

Table legend:
 A = Non-vault XP
 B = Vault XP
 C = Vault XP percentage of total XP
 D = Non-vault monster count
 E = Vault monster count
 F = Vault count percentage of total count
                 A         B        C        D         E       F
            +---------+---------+-------+---------+---------+-------
      Total |     205 |       0 |   0.0 |      59 |       0 |   0.0
            +---------+---------+-------+---------+---------+-------
        D:1 |      17 |       0 |   0.0 |      10 |       0 |   0.0
        D:2 |      81 |       0 |   0.0 |      18 |       0 |   0.0
        D:3 |      61 |       0 |   0.0 |      24 |       0 |   0.0
        D:4 |      46 |       0 |   0.0 |       7 |       0 |   0.0
            +---------+---------+-------+---------+---------+-------
